 Dungeon Crawl Stone Soup version 0.18.1-8-gdd0e5ea (webtiles) character file.

68 urechis the Insei (level 4, -12/23 HPs)
             Began as a Vine Stalker Monk on May 28, 2016.
             Mangled by a goblin
             ... wielding a +0 dagger of electrocution
             ... led by Robin
              (14 damage)
             ... on level 3 of the Dungeon.
             The game lasted 00:02:56 (1811 turns).

urechis the Insei (Vine Stalker Monk)               Turns: 1811, Time: 00:02:56

Health: -12/23     AC:  2    Str: 13    XL:     4   Next: 19%
Magic:  0/5        EV:  8    Int: 10    God:
Gold:   97         SH:  0    Dex: 18    Spells: 0 memorised, 3 levels left

rFire  . . .     SeeInvis .       - Unarmed
rCold  . . .     Gourm    +     a - +0 robe
rNeg   . . .     Faith    .     (no shield)
rPois  .         Spirit   +     (no helmet)
rElec  .         Dismiss  .     (no cloak)
rCorr  .         Reflect  .     (no gloves)
SustAt +         Harm     .     (no boots)
MR     .....                    e - amulet of the gourmand
Stlth  ++........               (no ring)
                                g - ring of sustain attributes

@: not resistant to hostile enchantments, unstealthy
A: fangs 2, regeneration 1, magic shield, antimagic bite, no device heal 3, rot
immunity
a: no special abilities


You were on level 3 of the Dungeon.
You were full.

You visited 1 branch of the dungeon, and saw 3 of its levels.

You collected 97 gold pieces.

Inventory:

Armour
 a - a +0 robe (worn)
Jewellery
 e - an amulet of the gourmand (around neck)
 g - a ring of sustain attributes (left hand)
Wands
 j - a wand of disintegration (12/24)
Scrolls
 d - a scroll of recharging {unknown}
 f - 2 scrolls of teleportation {unknown}
Potions
 c - 2 potions of brilliance {unknown}
 h - a potion of ambrosia {unknown}
 i - a potion of heal wounds {unknown}
 k - a potion of mutation {unknown}
 l - a potion of agility {unknown}
 m - a potion of flight {unknown}
 n - 2 potions of curing {unknown}
Comestibles
 b - 2 bread rations


   Skills:
 - Level 2.6 Fighting
 - Level 2.4 Dodging
 - Level 2.4 Stealth
 + Level 5.6 Unarmed Combat


You had 3 spell levels left.
You didn't know any spells.

Dungeon Overview and Level Annotations

Branches:
Dungeon (3/15)

Altars:
Yredelemnul

Annotations:
D:3 Jessica


Innate Abilities, Weirdness & Mutations

You have extremely sharp teeth.
Your natural rate of healing is unusually fast.
When hurt, damage is shared between your health and your magic reserves.
Your bite disrupts and absorbs the magic of your enemies.
Potions and wands cannot restore your health.
You are immune to rotting.


Message History

The goblin hits you but does no damage. The goblin closely misses you.
The hobgoblin barely misses you.
You hit the hobgoblin.
You kill the hobgoblin!
The goblin hits you with a dagger of electrocution.
The goblin barely misses you.
You punch the goblin!
You kill the goblin!
The goblin hits you with a dagger of electrocution.
You are electrocuted!
Ouch! That really hurt!
* * * LOW HITPOINT WARNING * * *
You are too injured to fight recklessly!
You are too injured to fight recklessly!
You are too injured to fight recklessly!
You are too injured to fight recklessly!
You are too injured to fight recklessly!
The goblin hits you but does no damage.
You are electrocuted!
Ouch! That really hurt!
You die...

.###..#o##.# #.##.# .#
.# . #.##.##.. .# .#
#.##..##.. .##.#
#.##...##.. ##.#..#
####....#......o....#
.....#####..####g..####
.###.###....#..)).....#
#.##..#.##..)@g....#
####.##.##.##.........#
...#....##..#.....>...#
.........##.###.#..####
.......#....###.##.#
.......###...<..# ..
.......# ###.#..>....
...>...# #.#.##.....
.......# #...# ...


You could see an orc priest (wandering) and 2 goblins.

Vanquished Creatures
  An adder (D:3)
  4 worms (D:2)
  A giant gecko (D:2)
  A ball python (D:2)
  2 giant cockroaches
  9 goblins
  6 hobgoblins
  A quokka (D:2)
  6 bats
  2 giant newts
  6 kobolds
  4 rats
43 creatures vanquished.

Notes
Turn   | Place    | Note
--------------------------------------------------------------
     0 | D:1      | urechis the Vine Stalker Monk began the quest for the Orb.
     0 | D:1      | Reached XP level 1. HP: 11/11 MP: 2/2
   575 | D:2      | Reached XP level 2. HP: 16/16 MP: 3/3
   949 | D:2      | Found a basalt altar of Yredelemnul.
   990 | D:2      | Reached XP level 3. HP: 15/19 MP: 4/4
  1058 | D:2      | Reached skill level 5 in Unarmed Combat
  1596 | D:3      | Reached XP level 4. HP: 11/23 MP: 3/5
  1740 | D:3      | Noticed Jessica
  1811 | D:3      | Mangled by a goblin

Skill      XL: |  1  2  3 |
---------------+----------+-----
Unarmed Combat | 5 |  5.6
Fighting       | |  2.6
Dodging        | |  2.4
Stealth        | |  2.4

Action                   |  1- 3 |  4- 6 || total
-------------------------+-------+-------++-------
Melee: Unarmed           |    99 |    22 ||   121
       Bite              |    26 |     2 ||    28
       Punch             |     1 |     1 ||     2
 Stab: Sleeping          |     9 |     2 ||    11
  Eat: Chunk             |     9 |       ||     9
Armor: Robe              |     9 |     4 ||    13
Dodge: Dodged            |    57 |    16 ||    73
